 Dungeon Crawl Stone Soup version 0.32-a0-35-gd9ff480968 (webtiles) character file.

Game seed: 1923221236264019691

364 jlumianski the Ruffian (level 6, -1/47 HPs)
             Began as a Gnoll Shapeshifter on Jan 23, 2024.
             Killed from afar by a steam dragon (13 damage)
             ... with a ball of steam
             ... on level 4 of the Dungeon.
             The game lasted 00:11:47 (2354 turns).

jlumianski the Ruffian (Gnoll Shapeshifter)         Turns: 2354, Time: 00:11:47

Health: -1/47      AC:  8    Str: 22    XL:     6   Next: 67%
Magic:  9/9        EV:  9    Int:  9    God:
Gold:   145        SH:  0    Dex: 11    Spells: 9/9 levels left

rFire   . .          .
                       - Unarmed
rCold   . . .        (no shield)
rNeg    . . .        m - +0 chain mail
rPois   .            (helmet currently unavailable)
rElec   .            (cloak currently unavailable)
rCorr   .            (gloves currently unavailable)
SInv    .            (boots currently unavailable)
Will    .....        (no amulet) Stlth
                     j - +6 ring of strength
HPRegen 0.27/turn    (no ring)
MPRegen 0.11/turn

%: no passive effects
@: beast-form
A: beast (slay +3), fangs 1, strong nose, distributed training
a: Begin Untransformation


You were on level 4 of the Dungeon.
You were a hulking beast.
You visited 1 branch of the dungeon, and saw 4 of its levels.

You collected 145 gold pieces.

Inventory:

Armour
 a - a +0 animal skin
 f - a +0 scale mail
 m - a +0 chain mail (worn)
 v - the +0 helmet "Dinnaghu" {rF+ rN+}
   (You took it off Robin on level 3 of the Dungeon)

   rF+:       It protects you from fire.
   rN+:       It protects you from negative energy.
Jewellery
 j - a +6 ring of strength (left hand)
 o - a ring of fire
Talismans
 c - a beast talisman
 d - a flux talisman
Wands
 t - a wand of iceblast (8)
Scrolls
 e - a scroll of amnesia
 g - a scroll of torment
 k - 2 scrolls of teleportation
 l - a scroll of fear
 q - a scroll of vulnerability
Potions
 b - a potion of lignification
 i - a potion of ambrosia {unknown}
 n - a potion of berserk rage {unknown}
 p - a potion of invisibility {unknown}
 s - a potion of brilliance {unknown}


   Skills:
 + Level 3.3 Fighting
 + Level 2.1 Short Blades
 + Level 2.1 Long Blades
 + Level 2.1 Axes
 + Level 2.1 Maces & Flails
 + Level 2.1 Polearms
 + Level 2.1 Staves
 + Level 2.1 Ranged Weapons
 + Level 2.1 Throwing
 + Level 2.1 Armour
 + Level 5.0 Dodging
 + Level 2.1 Stealth
 + Level 2.1 Shields
 + Level 6.9 Unarmed Combat
 + Level 2.1 Spellcasting
 + Level 1.7 Conjurations
 + Level 1.7 Hexes
 + Level 1.7 Summonings
 + Level 1.7 Necromancy
 + Level 1.7 Translocations
 + Level 1.7 Fire Magic
 + Level 1.7 Ice Magic
 + Level 1.7 Air Magic
 + Level 1.7 Earth Magic
 + Level 1.7 Alchemy
 + Level 2.3 Invocations
 + Level 2.1 Evocations
 + Level 6.8 Shapeshifting


You had 9 spell levels left.
You didn't know any spells.
Your spell library contained the following spells:

 Spells                   Type           Power      Damage    Failure   Level
 Magic Dart               Conj           16%        1d3       73%         1
 Blink                    Tloc           8%         N/A       86%         2
 Call Imp                 Summ           8%         N/A       86%         2


Dungeon Overview and Level Annotations

Branches:
Dungeon (4/15)
 Temple: D:4-7

Altars:
Nemelex Xobeh


Innate Abilities, Weirdness & Mutations

You are a hulking beast.
Your limbs bulge with bestial killing power. (Slay +3)
You have very sharp teeth.
Your uncanny sense of smell can sniff out nearby items.
Your experience applies equally to all skills.


Message History

Things that are here:
a +0 dagger; a +0 robe; an orc corpse You see here a +0 short sword.
You now have 145 gold pieces (gained 5).
A ribbon worm comes into view.
The ribbon worm expels a string of sticky webbing.
The stream of webbing hits you but does no damage.
You are caught in a web!
There is a web here.
The web tears apart.
You punch the ribbon worm!
You kill the ribbon worm!
You see here a ribbon worm corpse.
You hear the brisk hiss of an avalanche of sand nearby.
Found a stone staircase leading up.
You hear a distant slurping noise.
Aiming: Iceblast
Press: ? - help, Shift-Dir - straight line, f - ogre
Aim: an ogre, wielding a +0 giant club The mass of ice explodes!
The iceblast engulfs the ogre!!
The ogre is severely wounded.
You hear a shout!
You hear an angry hiss.
You hear a shout!
The ogre hits you with a +0 giant club!!
You punch the ogre!
The ogre is almost dead.
The ogre hits you with a +0 giant club!!
* * * LOW HITPOINT WARNING * * *
You punch the ogre!
You kill the ogre!
You see here a +0 giant club.
Found a stone staircase leading down.
The goblin unwields a +0 club.
The goblin wields a +0 sling.
The goblin shoots a sling bullet.
The sling bullet hits you.
* * * LOW HITPOINT WARNING * * *
You feel better.
The goblin shoots a sling bullet.
The sling bullet hits you but does no damage.
An orc comes into view. It is wielding a +0 flail.
The steam dragon breathes steam at you. The ball of steam hits you!
You die...

#### ###.##.
#...####..#.
#...........
#.....#.....
#.......<...
#..#........
##.#......##
.##.#########.........#.
.......h...#............
......#.§.)..###........
..>...#..§..## #.>...##.
.............###...#####
.....#....§..#.....###..
.... #.....§.....#......
. . #......D...###.#.#.
...og.......### ###.
.....##......# ##...


You could see an orc and a goblin.

Vanquished Creatures
  An ogre (D:4)
  A bombardier beetle (D:3)
  Jessica (D:2)
  Ijyb (D:2)
  An iguana (D:4)
  An orc wizard (D:4)
  Robin (D:3)
  4 gnolls
  2 adders
  3 dart slugs
  A ribbon worm (D:4)
  5 orcs
  6 endoplasms
  16 goblins
  6 hobgoblins
  2 quokkas
  8 ball pythons
  3 bats
  A frilled lizard (D:2)
  4 kobolds
  2 rats
70 creatures vanquished.

Notes
Turn   | Place    | Note
-------+----------+-------------------------------------------
     0 | D:1      | jlumianski the Gnoll Shapeshifter began the quest for the
                  | Orb.
     0 | D:1      | Reached XP level 1. HP: 17/17 MP: 1/1
   155 | D:1      | Reached XP level 2. HP: 22/23 MP: 2/2
  1041 | D:2      | Noticed Jessica
  1057 | D:2      | Killed Jessica
  1058 | D:2      | Reached skill level 1 in Short Blades
  1058 | D:2      | Reached skill level 1 in Long Blades
  1058 | D:2      | Reached skill level 1 in Axes
  1058 | D:2      | Reached skill level 1 in Maces & Flails
  1058 | D:2      | Reached skill level 1 in Polearms
  1058 | D:2      | Reached skill level 1 in Staves
  1058 | D:2      | Reached skill level 1 in Ranged Weapons
  1058 | D:2      | Reached skill level 1 in Throwing
  1058 | D:2      | Reached skill level 1 in Armour
  1058 | D:2      | Reached skill level 1 in Stealth
  1058 | D:2      | Reached skill level 1 in Shields
  1058 | D:2      | Reached skill level 1 in Spellcasting
  1058 | D:2      | Reached skill level 1 in Invocations
  1058 | D:2      | Reached skill level 1 in Evocations
  1058 | D:2      | Reached XP level 3. HP: 28/28 MP: 2/4
  1104 | D:2      | Reached XP level 4. HP: 34/34 MP: 5/5
  1287 | D:2      | Reached skill level 1 in Conjurations
  1287 | D:2      | Reached skill level 1 in Hexes
  1287 | D:2      | Reached skill level 1 in Summonings
  1287 | D:2      | Reached skill level 1 in Necromancy
  1287 | D:2      | Reached skill level 1 in Translocations
  1287 | D:2      | Reached skill level 1 in Fire Magic
  1287 | D:2      | Reached skill level 1 in Ice Magic
  1287 | D:2      | Reached skill level 1 in Air Magic
  1287 | D:2      | Reached skill level 1 in Earth Magic
  1287 | D:2      | Reached skill level 1 in Alchemy
  1763 | D:3      | Noticed Ijyb
  1784 | D:2      | Reached XP level 5. HP: 34/40 MP: 5/7
  1813 | D:2      | Killed Ijyb
  1864 | D:4      | Noticed an ogre
  1921 | D:3      | Found a sparkling altar of Nemelex Xobeh.
  2034 | D:4      | Identified the +0 helmet "Dinnaghu" {rF+ rN+}
  2034 | D:4      | Noticed Robin
  2041 | D:3      | Killed Robin
  2082 | D:4      | Noticed a steam dragon
  2124 | D:4      | Reached XP level 6. HP: 44/47 MP: 8/8
  2272 | D:4      | Reached skill level 5 in Dodging
  2354 | D:4      | Killed from afar by a steam dragon

Illustrated notes

Levels and vault maps discovered:
D:1:      sevenhm_arrival_forest_fort_large_4, layout_basic
D:2:      layout_basic, corexii_item_surrounded_by_moat, uniq_jessica
D:3:      layout_loops_cross, nemelex_diamond_rough_becter, uniq_ijyb,
          uniq_crazy_yiuf_cottage
D:4:      layout_cave_pools, gammafunk_temple_overflow_elements,
          nicolae_ossuary_entry_catacombs, gammafunk_ghost_necromancy,
          uniq_eustachio, uniq_robin, uniq_natasha

Skill      XL: |  1  2  3  4  5  6 |
---------------+-------------------+-----
Short Blades   | 1 2 |  2.1
Long Blades    | 1 2 |  2.1
Axes           | 1 2 |  2.1
Maces & Flails | 1 2 |  2.1
Polearms       | 1 2 |  2.1
Staves         | 1 2 |  2.1
Ranged Weapons | 1 2 |  2.1
Throwing       | 1 2 |  2.1
Armour         | 1 2 |  2.1
Stealth        | 1 2 |  2.1
Shields        | 1 2 |  2.1
Spellcasting   | 1 2 |  2.1
Invocations    | 1 2 |  2.3
Evocations     | 1 2 |  2.1
Conjurations   | 1 |  1.7
Hexes          | 1 |  1.7
Summonings     | 1 |  1.7
Necromancy     | 1 |  1.7
Translocations | 1 |  1.7
Fire Magic     | 1 |  1.7
Ice Magic      | 1 |  1.7
Air Magic      | 1 |  1.7
Earth Magic    | 1 |  1.7
Alchemy        | 1 |  1.7
Fighting       | 3 |  3.3
Dodging        | 5 |  5.0
Unarmed Combat | |  6.9
Shapeshifting  | |  6.8

Action                     |  1- 3 |  4- 6 || total
---------------------------+-------+-------++-------
  Melee: Unarmed           |    42 |   113 ||   155
         Bite              |     3 |    14 ||    17
  Evoke: Wand              |       |     1 ||     1
    Use: Scroll            |       |     6 ||     6
         Potion            |       |     2 ||     2
 Armour: Scale mail        |    16 |       ||    16
         Animal skin       |     4 |       ||     4
         Chain mail        |     1 |   103 ||   104
  Dodge: Dodged            |    17 |    55 ||    72

Table legend: (Time is in decaauts)
 A = Elapsed time spent in this place.
 B = Non-inter-level travel time spent in this place.
 C = Inter-level travel time spent in this place.
 D = Time resting spent in this place.
 E = Time spent auto-exploring this place.
 F = Levels seen in this place.
 G = Mean time per level.
                   A        B        C        D        E       F      G
               +--------+--------+--------+--------+--------+-----+--------+
         Total |   2343 |   2215 |    128 |    131 |   1037 |   4 |  585.8 |
       Dungeon |   2343 |   2215 |    128 |    131 |   1037 |   4 |  585.8 |
               +--------+--------+--------+--------+--------+-----+--------+

Top non-repeatable levels by time:
     D:1: 929 daAuts
     D:2: 792 daAuts
     D:3: 451 daAuts
     D:4: 170 daAuts
